 Dungeon Crawl Stone Soup version 0.30.0 (webtiles) character file.

Game seed: 2173198558109810737

233 Blot0066 the Chopper (level 5, -4/46 HPs)
             Began as a Minotaur Fighter on Nov 7, 2023.
             Slain by a water moccasin (8 damage)
             ... on level 4 of the Dungeon on Nov 8, 2023.
             The game lasted 00:17:53 (2893 turns).

Blot0066 the Chopper (Minotaur Fighter)             Turns: 2893, Time: 00:17:55

Health: -4/46      AC:  7    Str: 23    XL:     5   Next: 75%
Magic:  4/4        EV: 10    Int:  9    God:
Gold:   167        SH:  4    Dex:  9    Spells: 3/4 levels left

rFire   . . .        a - +0 war axe
rCold   . . .        c - +0 buckler
rNeg    . . .        b - +0 scale mail
rPois   .            (helmet unavailable)
rElec   .            (no cloak)
rCorr   .            (no gloves)
SInv    .            (no boots)
Will    .....        (no amulet) Stlth
                     h - +6 ring of intelligence
HPRegen 0.27/turn    o - ring of wizardry
MPRegen 0.09/turn

%: wizardry (x1)
@: lethally poisoned (-4 -> -18), about to teleport
A: horns 3, retaliatory headbutt, dopey 1, inability to read after injury 1
a: no special abilities


You were on level 4 of the Dungeon.
You visited 1 branch of the dungeon, and saw 4 of its levels.

You collected 167 gold pieces.

Inventory:

Hand Weapons
 a - a +0 war axe (weapon)
 e - a +0 mace
Missiles
 g - 14 stones (quivered)
 k - 10 poisoned darts
 p - 7 boomerangs
Armour
 b - a +0 scale mail (worn)
 c - a +0 buckler (worn)
Jewellery
 h - a +6 ring of intelligence (left hand)
 o - a ring of wizardry (right hand)
 q - a ring of protection from fire
 t - a ring of willpower
Scrolls
 f - 2 scrolls of identify
 l - 2 scrolls of teleportation
 n - a scroll of fear {unknown}
 r - 2 scrolls of amnesia {unknown}
Potions
 d - 3 potions of might
 i - a potion of heal wounds {unknown}
 m - 2 potions of attraction
 s - a potion of haste {unknown}


   Skills:
 + Level 4.2 Fighting
 * Level 5.2 Axes
 + Level 4.8 Armour
 + Level 2.0 Dodging
 + Level 4.0 Shields
 + Level 0.1 Necromancy


You had 3 spell levels left.
You knew the following spells:

 Your Spells              Type           Power      Damage    Failure   Level
a - Necrotise             Necr           0%         1d4       38%         1

Your spell library contained the following spells:

 Spells                   Type           Power      Damage    Failure   Level
 Vampiric Draining        Necr           0%         2d6       75%         3
 Teleport Other           Tloc           0%         N/A       77%         3
 Cause Fear               Hex            0%         N/A       98%         4
 Agony                    Necr           0%         N/A       100%        5


Dungeon Overview and Level Annotations

Branches:
Dungeon (4/15)
 Temple: D:4-7

Altars:
Fedhas
The Shining One


Innate Abilities, Weirdness & Mutations

You have a pair of large horns on your head.
You reflexively headbutt those who attack you in melee.
You are dopey. (Int -2)
You occasionally lose the ability to read scrolls when taking damage.


Message History

The goblin wields a +2 sling of freezing.
It is covered in frost.
The goblin shoots a sling bullet.
The sling bullet hits you. The sling bullet freezes you.
You hit the water moccasin.
Your headbutt misses the water moccasin.
The water moccasin is moderately wounded.
You feel very sick. The water moccasin bites you.
You are more poisoned.
The water moccasin poisons you!
The water moccasin completely misses you.
The water moccasin attacks as you move away!
The water moccasin barely misses you.
You feel very sick.
The goblin shoots a sling bullet.
The sling bullet hits you but does no damage.
You feel very sick.
An endoplasm comes into view.
The goblin shoots a sling bullet.
The sling bullet hits you. The sling bullet freezes you.
The water moccasin bites you.
You are lethally poisoned!
The water moccasin poisons you!
The endoplasm quivers.
It was a potion of mutation.
You feel extremely strange.
You occasionally lose the ability to read scrolls when taking damage.
You feel stupid. The horns on your head grow some more.
* * * LOW HITPOINT WARNING * * *
You feel very sick. You block the water moccasin's attack.
The goblin shoots a sling bullet.
The sling bullet hits you but does no damage.
Okay, then.
Sorry, you're not good enough to have a special ability.
As you read the scroll of teleportation, it crumbles to dust.
You feel strangely unstable.
* * * LOW HITPOINT WARNING * * *
You feel very sick. The water moccasin bites you.
* * * LOW HITPOINT WARNING * * *
The water moccasin bites you!
You die...

##... ##....##
#....#..
##......######
#.........<..#
....#.......#
.......)....#
...###.S.....#
#.$...@.....#
...##.g..#####
.......#
..........
..........#
..J..[....#
.#.####.... #.
######


You could see a water moccasin, an endoplasm and a goblin.

Vanquished Creatures
  A jelly (D:4)
  A sleepcap (D:3)
  4 gnolls (D:3)
  7 adders
  A worm (D:2)
  2 dart slugs
  2 orcs
  4 ball pythons
  4 bats
  4 endoplasms
  4 giant cockroaches
  4 goblins
  7 hobgoblins
  5 jackals
  8 kobolds
  2 quokkas
  4 frilled lizards
  3 rats
67 creatures vanquished.

Notes
Turn   | Place    | Note
-------+----------+-------------------------------------------
     0 | D:1      | Blot0066 the Minotaur Fighter began the quest for the Orb.
     0 | D:1      | Reached XP level 1. HP: 19/19 MP: 0/0
   202 | D:1      | Reached XP level 2. HP: 27/27 MP: 1/1
   675 | D:1      | Reached XP level 3. HP: 33/33 MP: 2/2
  1165 | D:2      | Reached skill level 3 in Axes
  1231 | D:2      | Found a blossoming altar of Fedhas.
  1237 | D:2      | Found a faded altar of an unknown god.
  1526 | D:2      | Reached skill level 1 in Dodging
  1526 | D:2      | Reached XP level 4. HP: 40/40 MP: 3/3
  1919 | D:2      | Got the Annotations on Twinkling Shifting
  1944 | D:2      | Reached skill level 4 in Axes
  2358 | D:3      | Learned a level 1 spell: Necrotise
  2410 | D:3      | Reached XP level 5. HP: 42/46 MP: 0/4
  2560 | D:3      | Found a glowing golden altar of the Shining One.
  2880 | D:4      | Reached skill level 5 in Axes
  2880 | D:4      | Noticed a water moccasin
  2892 | D:4      | Gained mutation: You occasionally lose the ability to read
                  | scrolls when taking damage. [potion of mutation]
  2892 | D:4      | Gained mutation: You are dopey. (Int -2) [potion of
                  | mutation]
  2892 | D:4      | Gained mutation: You have a pair of large horns on your
                  | head. [potion of mutation]
  2893 | D:4      | Slain by a water moccasin

Illustrated notes

Levels and vault maps discovered:
D:1:      amcnicky_arrival_underground_garden, layout_basic
D:2:      layout_basic, basic_altar, dreamdust_ecumenical_altar_statues,
          nicolae_eternal_life
D:3:      layout_basic, tso_altar
D:4:      minmay_angry_zag, layout_rooms, jmf_multi_god_temple,
          serial_corexii_hall, chequers_hall_statues_wall_a,
          corexii_hall_statues_i

Skill      XL: |  1  2  3  4  5 |
---------------+----------------+-----
Fighting       | 4 |  4.2
Armour         | 4 |  4.8
Shields        | 4 |  4.0
Axes           | 3 4 5 |  5.2
Dodging        | 1 2 |  2.0
Necromancy     | |  0.1

Action                     |  1- 3 |  4- 6 || total
---------------------------+-------+-------++-------
  Melee: War axe           |    64 |    57 ||   121
         Headbutt          |    13 |     8 ||    21
   Cast: Necrotise         |       |     3 ||     3
    Use: Scroll            |     1 |     2 ||     3
         Potion            |       |     1 ||     1
 Armour: Scale mail        |    34 |    22 ||    56
  Dodge: Dodged            |    38 |    31 ||    69
  Block: Buckler           |    12 |    19 ||    31
